[Event "EYCC O18-ch 2024"]
[Site "Prague"]
[Date "2024.08.23"]
[Round "2.10"]
[White "Andries, Alf"]
[Black "Karolczuk, Iwo"]
[Result "0-1"]
[ECO "B90"]
[WhiteElo "2024"]
[BlackElo "2356"]
[Annotator "RC"]
[PlyCount "68"]
[EventDate "2024.08.19"]
[EventType "swiss"]
[EventCountry "CZE"]
[SourceTitle "playchess.com"]
[Source "ChessBase"]
[SourceQuality "1"]
[TimeControl "5400+30"]

1. e4 c5 2. Nf3 d6 3. d4 cxd4 4. Nxd4 Nf6 5. Nc3 a6 6. h3 g6 7. Be3 Bg7 8. g4 h5 9. g5 Nfd7 10. Qd2 Nc6 11. f4 O-O 12. O-O-O Nxd4 13. Bxd4 b5 14. Bxg7 Kxg7 15. Qd4+ Kg8 16. Bd3 Bb7 17. Rhf1 Rc8 18. Nd5 e5 19. Qe3 Bxd5 20. exd5 exf4 21. Qxf4 Ne5 22. Be2 Qb6 23. Qd4 Qc7 24. Rd2 Rfe8 25. Rf6 Nd7 26. Rf4 Nc5 27. Kb1 b4 28. b3 a5 29. Rh4 Re5 30. Rf4 Qe7 31. Bd3 Qxg5 32. h4 Nxd3 33. Rxd3 Re1+ 34. Kb2 Qg2 0-1

[Event "EYCC O18-ch 2024"]
[Site "Prague"]
[Date "2024.08.23"]
[Round "2.11"]
[White "Olenik Campa, Rudi"]
[Black "Zajakins, Artjoms"]
[Result "0-1"]
[ECO "C10"]
[WhiteElo "2335"]
[BlackElo "1981"]
[Annotator "RC"]
[PlyCount "50"]
[EventDate "2024.08.19"]
[EventType "swiss"]
[EventCountry "CZE"]
[SourceTitle "playchess.com"]
[Source "ChessBase"]
[SourceQuality "1"]
[TimeControl "5400+30"]

1. e4 e6 2. d4 d5 3. Nc3 dxe4 4. Nxe4 Nd7 5. Nf3 Ngf6 6. Nxf6+ Nxf6 7. c3 Be7 8. Bf4 O-O 9. Bd3 b6 10. Qe2 Bb7 11. O-O-O Qc8 12. h4 c5 13. Kb1 a5 14. h5 a4 15. h6 g6 16. Bg5 Qc7 17. c4 Bd8 18. Bc2 a3 19. dxc5 Nd7 20. Nd4 Bxg5 21. Nb5 Qe5 22. Qxe5 Nxe5 23. Nd6 Bc6 24. b4 bxc5 25. b5 Rab8 0-1

[Event "EYCC O18-ch 2024"]
[Site "Prague"]
[Date "2024.08.23"]
[Round "2.11"]
[White "Kutowski, Marcel"]
[Black "Vergara Anton, Diego"]
[Result "1-0"]
[ECO "C02"]
[WhiteElo "2263"]
[BlackElo "2416"]
[Annotator "ChessBase"]
[PlyCount "67"]
[EventDate "2024.08.19"]
[EventType "swiss"]
[EventCountry "CZE"]
[SourceTitle "playchess.com"]
[Source "ChessBase"]
[SourceQuality "1"]
[TimeControl "5400+30"]

1. e4 e6 2. d4 d5 3. e5 c5 4. c3 Nc6 5. Nf3 Bd7 6. Be2 Nge7 7. Na3 cxd4 8. cxd4 Nf5 9. Nc2 Qb6 10. O-O Rc8 11. Bd3 Nb4 12. Nxb4 Bxb4 13. Qb3 O-O 14. a3 Bc5 15. Qd1 Nxd4 16. Bxh7+ Kxh7 17. Ng5+ Kg6 18. h4 Rh8 19. Qg4 f5 20. exf6 Kxf6 21. b4 Qb5 22. Qf4+ Nf5 23. Bb2+ Ke7 24. Rfe1 Rcf8 25. bxc5 Qxb2 26. Nxe6 Bxe6 27. Rab1 Qxb1 28. Rxb1 Rb8 29. Re1 Kd7 30. g4 Rbe8 31. gxf5 Bf7 32. Rb1 Kc8 33. c6 b6 34. Qd6 1-0

[Event "EYCC O18-ch 2024"]
[Site "Prague"]
[Date "2024.08.23"]
[Round "2.12"]
[White "Hrbek, Stepan"]
[Black "Szikszai, Bertalan"]
[Result "1-0"]
[ECO "B51"]
[WhiteElo "2414"]
[BlackElo "2278"]
[Annotator "ChessBase"]
[PlyCount "91"]
[EventDate "2024.08.19"]
[EventType "swiss"]
[EventCountry "CZE"]
[SourceTitle "playchess.com"]
[Source "ChessBase"]
[SourceQuality "1"]
[TimeControl "5400+30"]

1. e4 c5 2. Nf3 d6 3. Bb5+ Nd7 4. O-O a6 5. Be2 Ngf6 6. d3 e6 7. a4 b6 8. Nfd2 Bb7 9. f4 Be7 10. Bf3 Qc7 11. Qe2 Rc8 12. Nc3 O-O 13. g4 Nb8 14. g5 Nfd7 15. Nc4 Nc6 16. Qg2 Nd4 17. Bg4 b5 18. Ne3 b4 19. Ne2 d5 20. exd5 Nb6 21. c4 bxc3 22. Nxc3 Rcd8 23. f5 Bxg5 24. fxe6 fxe6 25. a5 Bxe3+ 26. Bxe3 Rxf1+ 27. Rxf1 Nxd5 28. Bxd4 Nxc3 29. Bxe6+ Kh8 30. Qxg7+ Qxg7+ 31. Bxg7+ Kxg7 32. bxc3 Bd5 33. Rf7+ Kh8 34. Rd7 Rxd7 35. Bxd7 Bb7 36. Kf2 Kg7 37. Ke3 Kf6 38. d4 c4 39. Bg4 Bc6 40. Kf4 Bb7 41. Be2 Bd5 42. Bf3 Bxf3 43. Kxf3 Kf5 44. Ke3 h6 45. Kf3 h5 46. h4 1-0

[Event "EYCC O18-ch 2024"]
[Site "Prague"]
[Date "2024.08.23"]
[Round "2.12"]
[White "Zadrapa, Jakub"]
[Black "Baranciuc, Alexandr"]
[Result "0-1"]
[ECO "C60"]
[WhiteElo "1999"]
[BlackElo "2332"]
[Annotator "RC"]
[PlyCount "56"]
[EventDate "2024.08.19"]
[EventType "swiss"]
[EventCountry "CZE"]
[SourceTitle "playchess.com"]
[Source "ChessBase"]
[SourceQuality "1"]
[TimeControl "5400+30"]

1. e4 e5 2. Nf3 Nc6 3. Bb5 g6 4. O-O Bg7 5. c3 a6 6. Ba4 Nge7 7. Re1 O-O 8. d4 exd4 9. cxd4 b5 10. Bc2 d5 11. exd5 Nxd5 12. Nc3 Nxc3 13. bxc3 Bb7 14. Rb1 Re8 15. a4 Rxe1+ 16. Qxe1 Na7 17. Be4 Bxe4 18. Qxe4 bxa4 19. Bg5 Qe8 20. Ne5 Nb5 21. Qf3 Nd6 22. g3 Rb8 23. Re1 a3 24. Ra1 Bxe5 25. dxe5 Qxe5 26. Bf4 Qf5 27. Rxa3 g5 28. Qc6 gxf4 0-1

[Event "EYCC O18-ch 2024"]
[Site "Prague"]
[Date "2024.08.23"]
[Round "2.13"]
[White "Loftgaard, Mikkel Vinh"]
[Black "Pidluznij, Gleb"]
[Result "0-1"]
[ECO "C44"]
[WhiteElo "2227"]
[BlackElo "2414"]
[Annotator "ChessBase"]
[PlyCount "92"]
[EventDate "2024.08.19"]
[EventType "swiss"]
[EventCountry "CZE"]
[SourceTitle "playchess.com"]
[Source "ChessBase"]
[SourceQuality "1"]
[TimeControl "5400+30"]

1. e4 e5 2. Nf3 Nc6 3. d4 exd4 4. Nxd4 Qf6 5. Nxc6 Bc5 6. Qf3 Qxf3 7. gxf3 bxc6 8. Be3 Bxe3 9. fxe3 d6 10. Nd2 Nf6 11. Rg1 g6 12. Rg5 a5 13. Nc4 d5 14. exd5 cxd5 15. Nd2 h6 16. Rg1 O-O 17. Nb3 a4 18. Nc5 Ra5 19. b4 axb3 20. Nxb3 Ra3 21. Kd2 Bd7 22. Kc3 Rfa8 23. Kb2 c5 24. Nxc5 Rxe3 25. Bd3 Ra5 26. Nb3 Ra4 27. Nc5 Rb4+ 28. Kc3 Rf4 29. Rgf1 Bh3 30. Kd2 d4 31. Rfe1 Rfxf3 32. Rxe3 dxe3+ 33. Kc3 Ng4 34. a4 Ne5 35. Be4 Rf1 36. Rxf1 Bxf1 37. a5 e2 38. Kd2 Nc4+ 39. Ke1 Nxa5 40. Bd5 Kf8 41. Nd3 Ke7 42. c4 Nb3 43. c5 Nd4 44. Kd2 f5 45. Kc3 Ne6 46. c6 Nf4 0-1

[Event "EYCC O18-ch 2024"]
[Site "Prague"]
[Date "2024.08.23"]
[Round "2.13"]
[White "Dogias, Christos"]
[Black "Babula, Vlastimil"]
[Result "1/2-1/2"]
[ECO "B51"]
[WhiteElo "2047"]
[BlackElo "2326"]
[Annotator "ChessBase"]
[PlyCount "196"]
[EventDate "2024.08.19"]
[EventType "swiss"]
[EventCountry "CZE"]
[SourceTitle "playchess.com"]
[Source "ChessBase"]
[SourceQuality "1"]
[TimeControl "5400+30"]

1. e4 c5 2. Nf3 d6 3. Bb5+ Nd7 4. d4 cxd4 5. Nxd4 Ngf6 6. Bd3 Nc5 7. Nc3 e6 8. O-O a6 9. Be3 Qc7 10. f3 Be7 11. Qd2 O-O 12. a4 b6 13. Rfc1 Bb7 14. Nce2 d5 15. e5 Nfd7 16. f4 f6 17. exf6 Nxf6 18. Rf1 Ng4 19. h3 Nxe3 20. Qxe3 Qd6 21. Qe5 Rad8 22. b4 Nxd3 23. Qxd6 Bxd6 24. cxd3 Bc8 25. Nc6 Rde8 26. b5 Bd7 27. Ncd4 Bc5 28. Kh2 Ra8 29. Nc6 Bxc6 30. bxc6 Rac8 31. Rac1 Rc7 32. a5 Be3 33. axb6 Bxb6 34. Rc3 Rfc8 35. Rb1 Bf2 36. Rbc1 Kf7 37. g3 Ba7 38. Kg2 Ke7 39. Kf3 Rb8 40. Ra1 Rb6 41. Nd4 Rb2 42. Nc2 Rb6 43. Nd4 Rb2 44. Nc2 Kd6 45. Rxa6 Bb6 46. Ra8 Rxc6 47. Rxc6+ Kxc6 48. Ne3 Rd2 49. Ra3 h5 50. Rb3 Bc5 51. h4 Ra2 52. Nd1 Bd4 53. Ne3 Kd6 54. Nd1 Kc5 55. Ne3 Rd2 56. g4 Rh2 57. Kg3 Ra2 58. Nf1 hxg4 59. Nh2 Bf2+ 60. Kxg4 Bxh4 61. Nf3 Bf6 62. Rb7 Rg2+ 63. Kh3 Re2 64. Kg4 Re3 65. Rb3 Kd6 66. Rb6+ Ke7 67. Rb7+ Kf8 68. d4 Re4 69. Rb8+ Ke7 70. Ne5 Bxe5 71. dxe5 Re1 72. Rb7+ Kf8 73. Kf3 g5 74. fxg5 Rxe5 75. Kg4 d4 76. Kf4 Rd5 77. Ke4 d3 78. Rb1 d2 79. Rd1 Kf7 80. Ke3 Re5+ 81. Kf2 Kg6 82. Rxd2 Kxg5 83. Rd4 Kf5 84. Ra4 Re4 85. Ra5+ e5 86. Ra3 Rh4 87. Ke1 Rd4 88. Rb3 Ke4 89. Ke2 Ra4 90. Ke1 Kd4 91. Rh3 Ra1+ 92. Ke2 Ra2+ 93. Ke1 Rc2 94. Kd1 Rc3 95. Rxc3 Kxc3 96. Ke2 Kd4 97. Kd2 Ke4 98. Ke2 Kd4 1/2-1/2

[Event "EYCC O18-ch 2024"]
[Site "Prague"]
[Date "2024.08.23"]
[Round "2.14"]
[White "Davtyan, Arsen"]
[Black "Ristic, Luka"]
[Result "0-1"]
[ECO "D35"]
[WhiteElo "2402"]
[BlackElo "2274"]
[Annotator "ChessBase"]
[PlyCount "118"]
[EventDate "2024.08.19"]
[EventType "swiss"]
[EventCountry "CZE"]
[SourceTitle "playchess.com"]
[Source "ChessBase"]
[SourceQuality "1"]
[TimeControl "5400+30"]

1. d4 d5 2. c4 e6 3. Nf3 Nf6 4. Nc3 Nbd7 5. cxd5 exd5 6. Bf4 Bb4 7. e3 c5 8. Bd3 c4 9. Bc2 O-O 10. O-O Qa5 11. Ne2 Re8 12. a3 Bf8 13. Nc3 b5 14. Ne5 Bb7 15. Nxd7 Nxd7 16. Nxb5 Qxb5 17. Ba4 Qb6 18. Bxd7 Re7 19. Ba4 Bc6 20. Bxc6 Qxc6 21. Qc2 Rb7 22. Rfe1 Rb3 23. Re2 Re8 24. Rae1 Rd3 25. Rd2 Rb3 26. h3 Qb5 27. Ree2 Bxa3 28. bxa3 c3 29. Bd6 cxd2 30. Rxd2 Rb1+ 31. Kh2 h6 32. Qf5 Re6 33. Rc2 Rg6 34. g4 Qf1 35. Kg3 Qa6 36. Rc8+ Kh7 37. Qxb1 Qxc8 38. Be5 Kg8 39. Qb5 h5 40. f3 hxg4 41. hxg4 Qc1 42. Qe8+ Kh7 43. Qxf7 Qg1+ 44. Kf4 Rxg4+ 45. Kf5 Rg5+ 46. Ke6 Qxe3 47. Kd7 Qb3 48. Qf4 Qb5+ 49. Ke6 Rg6+ 50. Ke7 Qb7+ 51. Bc7 Qc6 52. Bd6 Rf6 53. Qe5 Kg8 54. Qg3 Rf7+ 55. Ke6 Rf6+ 56. Ke7 Qb7+ 57. Bc7 Rf7+ 58. Kd8 Qc6 59. Qd6 Rf8+ 0-1

[Event "EYCC O18-ch 2024"]
[Site "Prague"]
[Date "2024.08.23"]
[Round "2.14"]
[White "Serrano Almendros, Angel"]
[Black "Sheahan, Ben"]
[Result "1-0"]
[ECO "C06"]
[WhiteElo "2310"]
[BlackElo "2043"]
[Annotator "ChessBase"]
[PlyCount "123"]
[EventDate "2024.08.19"]
[EventType "swiss"]
[EventCountry "CZE"]
[SourceTitle "playchess.com"]
[Source "ChessBase"]
[SourceQuality "1"]
[TimeControl "5400+30"]

1. e4 e6 2. d4 d5 3. Nd2 Nf6 4. e5 Nfd7 5. Bd3 c5 6. c3 Nc6 7. Ne2 cxd4 8. cxd4 f6 9. exf6 Nxf6 10. Nf3 Bd6 11. O-O O-O 12. Bf4 Nh5 13. Bxd6 Qxd6 14. Bb5 Bd7 15. Ne5 Nxe5 16. dxe5 Qe7 17. Bxd7 Qxd7 18. Qd4 g6 19. Rac1 b6 20. Qe3 Ng7 21. g4 Rac8 22. Nd4 Rc5 23. h3 Rfc8 24. a3 R8c7 25. f4 Rxc1 26. Rxc1 Qc8 27. Rxc7 Qxc7 28. Qc3 Qxc3 29. bxc3 a6 30. Nc6 Ne8 31. Ne7+ Kf7 32. Nc8 b5 33. Kf2 Nc7 34. Ke3 Ke8 35. Kd4 Kd7 36. Nd6 Kc6 37. Nf7 a5 38. Ng5 h5 39. Nh7 hxg4 40. hxg4 b4 41. cxb4 Nb5+ 42. Kd3 a4 43. Nf8 Nxa3 44. Nxe6 Nc4 45. Nd4+ Kd7 46. Nc2 g5 47. fxg5 Nxe5+ 48. Kd4 Nxg4 49. Kxd5 Nf2 50. g6 Ng4 51. g7 Kc7 52. Ke6 Nh6 53. Ke7 Kc6 54. Na3 Kd5 55. Kf8 Kd4 56. b5 Kc5 57. g8=Q Nxg8 58. Kxg8 Kb4 59. b6 Kxa3 60. b7 Ka2 61. b8=Q a3 62. Qb4 1-0

[Event "EYCC O18-ch 2024"]
[Site "Prague"]
[Date "2024.08.23"]
[Round "2.15"]
[White "Smolik, Jachym"]
[Black "Svejda, Karel"]
[Result "1-0"]
[ECO "A16"]
[WhiteElo "2290"]
[BlackElo "1927"]
[Annotator "RC"]
[PlyCount "79"]
[EventDate "2024.08.19"]
[EventType "swiss"]
[EventCountry "CZE"]
[SourceTitle "playchess.com"]
[Source "ChessBase"]
[SourceQuality "1"]
[TimeControl "5400+30"]

1. c4 Nf6 2. Nc3 g6 3. e4 Bg7 4. d4 c5 5. Nf3 cxd4 6. Nxd4 d6 7. Be2 Nc6 8. Be3 O-O 9. O-O Bd7 10. h3 Nxd4 11. Bxd4 Bc6 12. Qc2 Nd7 13. Bxg7 Kxg7 14. Rad1 a5 15. Bg4 Nc5 16. e5 h5 17. Be2 Re8 18. Rd2 Qc7 19. exd6 exd6 20. Rfd1 Re6 21. Nd5 Bxd5 22. Rxd5 Rae8 23. Qc3+ Kg8 24. Bf3 Ne4 25. Bxe4 Rxe4 26. b3 b6 27. Qg3 Re1+ 28. Rxe1 Rxe1+ 29. Kh2 Re5 30. Rd4 Qc5 31. Rd2 Qc7 32. Qf4 g5 33. Qg3 h4 34. Qg4 d5 35. f4 Re4 36. Qxg5+ Kf8 37. Qh6+ Ke8 38. Qh8+ Ke7 39. Qxh4+ Ke8 40. Rxd5 1-0

[Event "EYCC O18-ch 2024"]
[Site "Prague"]
[Date "2024.08.23"]
[Round "2.15"]
[White "Engin, Onur Cinar"]
[Black "Pasztor, Balazs"]
[Result "0-1"]
[ECO "B22"]
[WhiteElo "2215"]
[BlackElo "2402"]
[Annotator "ChessBase"]
[PlyCount "108"]
[EventDate "2024.08.19"]
[EventType "swiss"]
[EventCountry "CZE"]
[SourceTitle "playchess.com"]
[Source "ChessBase"]
[SourceQuality "1"]
[TimeControl "5400+30"]

1. e4 c5 2. c3 Nf6 3. e5 Nd5 4. Nf3 d6 5. d4 cxd4 6. cxd4 Nc6 7. Bc4 Nb6 8. Bb5 dxe5 9. Nxe5 Bd7 10. Nxd7 Qxd7 11. Nc3 e6 12. O-O Rd8 13. Be3 Be7 14. Qf3 a6 15. Bxc6 Qxc6 16. Qxc6+ bxc6 17. Rac1 Kd7 18. Rfd1 a5 19. Ne4 Ra8 20. b3 Rhb8 21. Nc5+ Bxc5 22. dxc5+ Nd5 23. Rc4 f6 24. Rg4 g6 25. Rh4 h5 26. g4 Rb4 27. Rd4 e5 28. Rxb4 axb4 29. gxh5 gxh5 30. Rxh5 Rxa2 31. h4 Rb2 32. Rh7+ Ke6 33. h5 Nxe3 34. fxe3 Rxb3 35. Kf2 Rb1 36. Kg2 Kd5 37. h6 Ra1 38. Rb7 Kxc5 39. h7 Ra8 40. Kf3 f5 41. e4 f4 42. Kg4 Rh8 43. Kf5 Kc4 44. Kxe5 f3 45. Rf7 b3 46. Rxf3 b2 47. Rf1 Rxh7 48. Kd6 Rh6+ 49. Kd7 c5 50. e5 Kb3 51. e6 c4 52. e7 Rh7 53. Kd8 Rxe7 54. Kxe7 c3 0-1

[Event "EYCC O18-ch 2024"]
[Site "Prague"]
[Date "2024.08.23"]
[Round "2.16"]
[White "Talibov, Shiroghlan"]
[Black "Fishchuk, Vladyslav"]
[Result "1-0"]
[ECO "B31"]
[WhiteElo "2395"]
[BlackElo "2264"]
[Annotator "RC"]
[PlyCount "87"]
[EventDate "2024.08.19"]
[EventType "swiss"]
[EventCountry "CZE"]
[SourceTitle "playchess.com"]
[Source "ChessBase"]
[SourceQuality "1"]
[TimeControl "5400+30"]

1. e4 c5 2. Nf3 Nc6 3. Bb5 g6 4. Bxc6 bxc6 5. O-O Bg7 6. Re1 Qc7 7. Na3 Nh6 8. d3 O-O 9. h3 f6 10. Be3 d6 11. Qd2 Nf7 12. c3 Rb8 13. Rac1 f5 14. exf5 Bxf5 15. d4 cxd4 16. cxd4 Be4 17. Nh2 Qb7 18. b3 c5 19. f3 cxd4 20. Bxd4 Bxd4+ 21. Qxd4 Bf5 22. Nc4 e5 23. Qh4 Rbc8 24. Rcd1 Qa6 25. Rd2 Be6 26. Ne3 Qb6 27. Kh1 Qd8 28. Qg3 Rc3 29. Nhg4 Qe7 30. Nf2 Rfc8 31. Ne4 Rc1 32. Rxc1 Rxc1+ 33. Kh2 Kg7 34. Qf2 Ra1 35. f4 d5 36. Nxd5 Bxd5 37. Rxd5 exf4 38. Qd4+ Kf8 39. Rd7 Rd1 40. Qxd1 Qxe4 41. Qd5 Qe8 42. Rxa7 Kg7 43. a4 f3 44. Qxf7+ 1-0

[Event "EYCC O18-ch 2024"]
[Site "Prague"]
[Date "2024.08.23"]
[Round "2.16"]
[White "Seidl, Jan"]
[Black "Pavicic, Karlo"]
[Result "1/2-1/2"]
[ECO "B20"]
[WhiteElo "2276"]
[BlackElo "1954"]
[Annotator "ChessBase"]
[PlyCount "112"]
[EventDate "2024.08.19"]
[EventType "swiss"]
[EventCountry "CZE"]
[SourceTitle "playchess.com"]
[Source "ChessBase"]
[SourceQuality "1"]
[TimeControl "5400+30"]

1. e4 c5 2. c4 Nc6 3. Nc3 d6 4. Nge2 g6 5. d4 cxd4 6. Nxd4 Bg7 7. Be3 Bd7 8. Be2 Nf6 9. O-O O-O 10. Qd2 Ng4 11. Bxg4 Bxg4 12. h3 Bd7 13. f4 Re8 14. Rad1 Qa5 15. b3 Rad8 16. f5 Nxd4 17. Bxd4 Bxd4+ 18. Qxd4 Qc5 19. Qxc5 dxc5 20. Nd5 gxf5 21. exf5 f6 22. Nc7 Rf8 23. Rd3 Bc8 24. Nd5 Kf7 25. Re3 Rfe8 26. Rfe1 Rd7 27. g4 b5 28. Re6 Rxd5 29. cxd5 Bxe6 30. fxe6+ Kg6 31. Rc1 Rc8 32. Kf2 f5 33. Ke3 fxg4 34. hxg4 Kf6 35. Ke4 a5 36. Rf1+ Kg6 37. Ke5 c4 38. bxc4 bxc4 39. Rc1 c3 40. Rc2 Rc4 41. a3 h6 42. a4 Kg5 43. d6 Rc5+ 44. Kd4 exd6 45. e7 Re5 46. Rxc3 Rxe7 47. Rh3 Re5 48. Rh5+ Kg6 49. Rh1 Rg5 50. Rh4 Kg7 51. Kc4 Rc5+ 52. Kd4 Kg6 53. Rh1 Re5 54. Rh2 Rg5 55. Rh4 h5 56. gxh5+ Rxh5 1/2-1/2

[Event "EYCC O18-ch 2024"]
[Site "Prague"]
[Date "2024.08.23"]
[Round "2.17"]
[White "Kasipour Azbari, Seyed Arvin"]
[Black "Belkaid, Sohan"]
[Result "0-1"]
[ECO "B23"]
[WhiteElo "2212"]
[BlackElo "2384"]
[Annotator "ChessBase"]
[PlyCount "82"]
[EventDate "2024.08.19"]
[EventType "swiss"]
[EventCountry "CZE"]
[SourceTitle "playchess.com"]
[Source "ChessBase"]
[SourceQuality "1"]
[TimeControl "5400+30"]

1. e4 c5 2. Nc3 d6 3. d4 cxd4 4. Qxd4 Nc6 5. Qd2 g6 6. b3 Bh6 7. f4 f5 8. Bb2 Nf6 9. O-O-O fxe4 10. Nge2 Be6 11. h3 Rc8 12. g4 Bg7 13. f5 gxf5 14. gxf5 Bxf5 15. Qg5 Bg6 16. Nf4 Ne5 17. Ne6 Qa5 18. b4 Nd3+ 19. cxd3 Qxg5+ 20. Nxg5 Nd5 21. dxe4 Nxc3 22. Bxc3 Rxc3+ 23. Kd2 O-O 24. Ne6 Rfc8 25. Nxg7 Rc2+ 26. Ke3 Kxg7 27. Bd3 Rxa2 28. Rc1 Rxc1 29. Rxc1 Kf6 30. Rc7 b6 31. b5 e6 32. Rd7 Ke5 33. h4 Rh2 34. Rxa7 d5 35. Ra6 d4+ 36. Kf3 Rh3+ 37. Ke2 Bxe4 38. Bc4 d3+ 39. Ke1 Rh1+ 40. Kd2 Kd4 41. Bxe6 Rh2+ 0-1

[Event "EYCC O18-ch 2024"]
[Site "Prague"]
[Date "2024.08.24"]
[Round "3.1"]
[White "Sokolovsky, Yahli"]
[Black "Elmi, Saad Abobaker"]
[Result "1-0"]
[ECO "C72"]
[WhiteElo "2522"]
[BlackElo "2383"]
[Annotator "TA"]
[PlyCount "171"]
[EventDate "2024.08.19"]
[EventType "swiss"]
[EventCountry "CZE"]
[SourceTitle "playchess.com"]
[Source "ChessBase"]
[SourceQuality "1"]
[TimeControl "5400+30"]

1. e4 e5 2. Nf3 Nc6 3. Bb5 a6 4. Ba4 d6 5. O-O Bd7 6. c4 Nf6 7. Nc3 g6 8. Bxc6 Bxc6 9. d4 Nxe4 10. Nxe4 Bxe4 11. dxe5 dxe5 12. Qe1 f5 13. Ng5 Qf6 14. Nxe4 fxe4 15. Qxe4 O-O-O 16. Be3 Qf5 17. Qh4 Rd7 18. c5 Be7 19. Qc4 c6 20. b4 Qd3 21. Qc1 Rhd8 22. a4 Qb3 23. b5 cxb5 24. c6 Rc7 25. axb5 Qxb5 26. cxb7+ Kxb7 27. Qb1 Rd3 28. Ra5 Qxb1 29. Rxb1+ Kc6 30. Rxa6+ Kd7 31. g3 Rd6 32. Ra5 Ke6 33. Rbb5 Bf6 34. Kg2 Rcd7 35. Kf3 Rd5 36. Rb6+ R7d6 37. Rxd5 Kxd5 38. Rb7 h5 39. Rb5+ Ke6 40. Ke4 Ra6 41. Rb4 Be7 42. Rc4 Bd6 43. h3 Ra2 44. g4 hxg4 45. hxg4 Rb2 46. Rc6 Rb4+ 47. Kf3 Kd5 48. Ra6 Rc4 49. Kg3 Rc6 50. Ra7 Rc7 51. Ra5+ Ke6 52. Ra6 Kd5 53. Kh4 Rc4 54. Kg5 Be7+ 55. Kxg6 Rxg4+ 56. Kf5 Rg8 57. Ra5+ Kc6 58. Kxe5 (58. Rxe5 Bh4) 58... Bd6+ 59. Ke4 Re8+ 60. Kd4 (60. Kf5 $14) 60... Bc7 $11 61. Ra6+ Kb5 62. Ra3 Bb6+ 63. Kd5 Kb4 64. Rd3 Rd8+ 65. Ke4 Re8+ 66. Kf3 Kc4 67. Ke2 Bxe3 68. Rxe3 Rf8 69. Rf3 Re8+ 70. Kd2 Rd8+ 71. Ke2 Re8+ 72. Re3 Rf8 73. f3 Kd4 74. Re4+ Kd5 75. Ke3 Rf6 76. Re8 Rf7 77. f4 Rf6 $2 (77... Kc6 $11) 78. Kf3 Rf7 79. Kg4 Rg7+ 80. Kf5 Kd6 81. Kf6 Rg4 82. f5 Kd7 83. Re1 Rf4 84. Kg6 Rg4+ 85. Kf7 Rf4 86. Rd1+ 1-0

[Event "EYCC O18-ch 2024"]
[Site "Prague"]
[Date "2024.08.24"]
[Round "3.1"]
[White "Gonzalez Castillo, Jose Javier"]
[Black "Serrano Almendros, Angel"]
[Result "1/2-1/2"]
[ECO "C10"]
[WhiteElo "2196"]
[BlackElo "2310"]
[Annotator "RC"]
[PlyCount "137"]
[EventDate "2024.08.19"]
[EventType "swiss"]
[EventCountry "CZE"]
[SourceTitle "playchess.com"]
[Source "ChessBase"]
[SourceQuality "1"]
[TimeControl "5400+30"]

1. e4 e6 2. d4 d5 3. Nc3 h6 4. Bd3 Nc6 5. Be3 Nb4 6. Be2 dxe4 7. Nxe4 Nf6 8. Nxf6+ Qxf6 9. a3 Nd5 10. Nf3 Nxe3 11. fxe3 Bd6 12. O-O Qe7 13. c4 c6 14. b4 e5 15. c5 Bc7 16. Nxe5 Bxe5 17. dxe5 O-O 18. Bc4 Qxe5 19. Qd4 Qe7 20. Qd6 Qxd6 21. cxd6 Be6 22. Bxe6 fxe6 23. e4 e5 24. Rac1 Rad8 25. Rc5 Rfe8 26. Rf5 Rxd6 27. Rcxe5 Rd1+ 28. Kf2 Rd2+ 29. Kg1 Rxe5 30. Rxe5 Kf7 31. Rf5+ Ke7 32. Re5+ Kf6 33. Rf5+ Ke6 34. Rf8 Ra2 35. Rb8 b5 36. Re8+ Kf7 37. Rc8 Rxa3 38. Rxc6 Ra4 39. e5 Rxb4 40. Rc7+ Kg6 41. Rxa7 Re4 42. Ra6+ Kf5 43. Ra7 g6 44. Rb7 Rxe5 45. Kf2 h5 46. h4 g5 47. hxg5 Kxg5 48. Kf3 Kf5 49. Rb6 Rc5 50. Ke3 Kg4 51. Rg6+ Rg5 52. Rc6 Kg3 53. Rc2 h4 54. Rb2 Rg4 55. Rxb5 Kxg2 56. Rb2+ Kg3 57. Rb1 Kh2 58. Kf3 Rg3+ 59. Kf4 h3 60. Rb2+ Rg2 61. Rb3 Rg8 62. Rb2+ Kh1 63. Kf3 h2 64. Rb1+ Rg1 65. Rb2 Ra1 66. Kg3 Ra3+ 67. Kf2 Ra1 68. Kg3 Kg1 69. Rg2+ 1/2-1/2

[Event "EYCC O18-ch 2024"]
[Site "Prague"]
[Date "2024.08.24"]
[Round "3.2"]
[White "Belkaid, Sohan"]
[Black "Klimkowski, Jan"]
[Result "1/2-1/2"]
[ECO "C50"]
[WhiteElo "2384"]
[BlackElo "2508"]
[Annotator "RC"]
[PlyCount "168"]
[EventDate "2024.08.19"]
[EventType "swiss"]
[EventCountry "CZE"]
[SourceTitle "playchess.com"]
[Source "ChessBase"]
[SourceQuality "1"]
[TimeControl "5400+30"]

1. e4 e5 2. Nf3 Nc6 3. Bc4 Nf6 4. d3 Bc5 5. Bg5 h6 6. Bh4 Be7 7. Bg3 d6 8. a4 O-O 9. h3 Kh8 10. O-O Nh7 11. Nc3 f5 12. exf5 Bxf5 13. Nd5 Nf6 14. Re1 Nxd5 15. Bxd5 Bf6 16. a5 a6 17. c3 Qd7 18. Re3 Rab8 19. Bb3 Bh7 20. d4 e4 21. Nd2 d5 22. Ba4 Qf7 23. Nb3 Ne7 24. Nc5 Nf5 25. Nd7 Nxe3 26. fxe3 Bg5 27. Qe2 Rbd8 28. Nxf8 Rxf8 29. h4 Bf6 30. Rf1 Qe7 31. Qg4 c6 32. Bd1 Bg8 33. Qf4 Be6 34. Qd6 Qxd6 35. Bxd6 Rd8 36. Bg3 Kh7 37. Bh5 Kg8 38. b4 Rd7 39. Be8 Re7 40. Bg6 Bf7 41. Bf5 Re8 42. Kh2 Be6 43. Bg6 Rd8 44. Rf2 Bg4 45. Rf4 Bd7 46. Rf1 Ra8 47. Rf2 Rf8 48. Rf1 Ra8 49. Rf2 Be8 50. Bf5 Kf7 51. Kh3 Ke7 52. Bc7 h5 53. Kg3 Bf7 54. Bf4 Rf8 55. Bc7 Be6 56. Bxe6 Kxe6 57. Bf4 Bd8 58. Rb2 Be7 59. Kh3 Bd8 60. Rb1 Rf7 61. Ra1 Rf8 62. Rb1 b6 63. axb6 Bxb6 64. g4 hxg4+ 65. Kxg4 a5 66. bxa5 Bxa5 67. Ra1 Bxc3 68. Rc1 Bd2 69. Rxc6+ Kf7 70. Rd6 Ra8 71. Rxd5 Ra3 72. Rd7+ Ke6 73. Rd6+ Kf7 74. Kf5 Bxe3 75. Kxe4 Bxf4 76. Kxf4 Rh3 77. Kg5 Rg3+ 78. Kf5 Rf3+ 79. Ke5 Rh3 80. Rd7+ Ke8 81. Kd6 Rxh4 82. d5 Ra4 83. Rxg7 Ra6+ 84. Kc5 Kd8 1/2-1/2

[Event "EYCC O18-ch 2024"]
[Site "Prague"]
[Date "2024.08.24"]
[Round "3.2"]
[White "Farokhi, Keyvan"]
[Black "Xhembulla, Aleksander"]
[Result "1-0"]
[ECO "D37"]
[WhiteElo "2307"]
[BlackElo "2201"]
[Annotator "RC"]
[PlyCount "77"]
[EventDate "2024.08.19"]
[EventType "swiss"]
[EventCountry "CZE"]
[SourceTitle "playchess.com"]
[Source "ChessBase"]
[SourceQuality "1"]
[TimeControl "5400+30"]

1. d4 Nf6 2. c4 e6 3. Nc3 d5 4. Nf3 Nbd7 5. e3 a6 6. b3 b6 7. Bb2 Bb7 8. Bd3 Bd6 9. Qc2 O-O 10. Rd1 Qe7 11. e4 dxc4 12. Bxc4 e5 13. O-O Rad8 14. Rfe1 exd4 15. Nxd4 Qe5 16. Nf3 Qh5 17. Nd5 Bxd5 18. exd5 a5 19. h3 Rfe8 20. Nd4 Bb4 21. Rxe8+ Rxe8 22. Nb5 Rc8 23. d6 cxd6 24. Nxd6 Bxd6 25. Rxd6 Qc5 26. Rd2 Ne5 27. Bd4 Qc7 28. Bxb6 Qxb6 29. Bxf7+ Kxf7 30. Qxc8 Qe6 31. Qc7+ Kg6 32. Qxa5 Qf5 33. Qb4 Nd3 34. Qc3 Nf4 35. Qc2 Ne4 36. Rd4 Nc3 37. Rd6+ Kg5 38. h4+ Kg4 39. f3+ 1-0